 Dungeon Crawl Stone Soup version 0.22.0-60-ga52c2fc (webtiles) character file.

3721 Anon1729 the Cleaver (level 10, 0/91 HPs)
             Began as a Naga Gladiator on Sept 9, 2018.
             Was a Follower of Uskayaw.
             Slain by a wolf (6 damage)
             ... led by Grum
             ... on level 8 of the Dungeon.
             The game lasted 00:14:11 (10090 turns).

Anon1729 the Cleaver (Naga Gladiator)              Turns: 10090, Time: 00:14:11

Health: 0/91       AC: 13    Str: 16    XL:     10   Next: 14%
Magic:  0/15       EV:  6    Int:  9    God:    Uskayaw [*.....]
Gold:   446        SH:  0    Dex: 13    Spells: 9/9 levels left

rFire    . . .     SeeInvis +   H - +0 battleaxe
rCold    . . .     Gourm    .   (shield currently unavailable)
rNeg     . . .     Faith    .   J - +0 chain mail
rPois    +         Spirit   +   c - +0 helmet
rElec    .         Reflect  .   (no cloak)
rCorr    .         Harm     .   (no gloves)
MR       +....                  (no barding)
Stlth    ..........             I - amulet of guardian spirit
HPRegen  0.25/turn              z - -3 ring of intelligence (curse)
MPRegen  0.14/turn              w - +3 ring of protection

@: short of breath, very slow
A: large, see invisible, deformed body, poison resistance, slowness 2, slow
metabolism 1, spit poison 1, AC +3
a: Spit Poison, Stomp, Renounce Religion


You were on level 8 of the Dungeon.
You worshipped Uskayaw.
Uskayaw was noncommittal.
You were not hungry.

You visited 2 branches of the dungeon, and saw 9 of its levels.

You collected 446 gold pieces.

Inventory:

Hand Weapons
 a - a +0 war axe
 C - a +1 shortbow of freezing
 H - a +0 battleaxe (weapon)
Missiles
 d - 3 throwing nets (quivered)
 E - 90 arrows
Armour
 b - a +0 leather armour
 c - a +0 helmet (worn)
 s - a +0 scale mail
 J - a +0 chain mail (worn)
Jewellery
 i - a +1 ring of protection
 w - a +3 ring of protection (right hand)
 z - a cursed -3 ring of intelligence (left hand)
 I - an amulet of guardian spirit (around neck)
 M - an uncursed amulet of magic regeneration {unknown}
Wands
 g - a wand of disintegration (7)
 q - a wand of iceblast (15)
 r - a wand of acid (21)
Scrolls
 e - 4 scrolls of teleportation
 h - a scroll of enchant weapon
 k - 2 scrolls of blinking
 n - a scroll of enchant armour
 p - 3 scrolls of magic mapping
 x - 9 scrolls of identify
 y - a scroll of remove curse
 D - a scroll of noise {unknown}
 F - a scroll of immolation {unknown}
 K - a scroll of summoning {unknown}
Potions
 j - 2 potions of mutation {unknown}
 l - 3 potions of magic
 o - 2 potions of flight {unknown}
 t - a potion of haste {unknown}
 u - a potion of resistance
 v - a potion of might {unknown}
 A - a potion of ambrosia {unknown}
 B - a potion of cancellation {unknown}
 G - a potion of agility
Comestibles
 f - 15 rations
 L - 4 chunks of flesh


   Skills:
 + Level 5.9 Fighting
 * Level 9.0 Axes
 - Level 2.0 Throwing
 + Level 5.0 Armour
 - Level 3.3 Dodging
 - Level 0.7 Stealth
 * Level 7.8 Invocations


You had 9 spell levels left.
You didn't know any spells.
Your spell library contained the following spells:

 Spells                   Type           Power        Failure   Level  Hunger
 Confusing Touch          Hex            #.....       99%         1    ##.....
 Sting                    Conj/Pois      #...         99%         1    ##.....
 Summon Small Mammal      Summ           #...         99%         1    ##.....
 Call Imp                 Summ           #.......     100%        2    ###....
 Poisonous Vapours        Pois/Air       #.....       100%        2    ###....
 Call Canine Familiar     Summ           #.......     100%        3    ####...
 Confuse                  Hex            #.......     100%        3    ####...
 Gell's Gravitas          Tloc           #.........   100%        3    ####...
 Mephitic Cloud           Conj/Pois/Air  #.......     100%        3    ####...
 Summon Guardian Golem    Hex/Summ       #.......     100%        3    ####...
 Olgreb's Toxic Radiance  Pois           #.......     100%        4    #####..
 Petrify                  Tmut/Erth      #.......     100%        4    #####..
 Summon Ice Beast         Ice/Summ       #.......     100%        4    #####..
 Summon Lightning Spire   Summ/Air       #.......     100%        4    #####..
 Metabolic Englaciation   Hex/Ice        #.........   100%        5    ######.
 Venom Bolt               Conj/Pois      #.........   100%        5    ######.
 Yara's Violent Unravell  Hex/Tmut       #.........   100%        5    ######.


Dungeon Overview and Level Annotations

Branches:
Dungeon (8/15)             Temple (1/1) D:4
   Lair: D:8-11

Altars:
Ashenzari
Cheibriados
Dithmenos
Elyvilon
Fedhas
Gozag
Hepliaklqana
Kikubaaqudgha
Makhleb
Nemelex Xobeh
Okawaru
Qazlal
Ru
Sif Muna
Trog
Uskayaw
Vehumet
Wu Jian
Xom
Yredelemnul
Zin
The Shining One

Annotations:
D:8 Grum


Innate Abilities, Weirdness & Mutations

You cannot wear boots.
Your serpentine skin is tough. (AC +3)
You have supernaturally acute eyesight. (SInv)
Armour fits poorly on your strangely shaped body.
Your system is resistant to poisons. (rPois)
You cover ground very slowly.
You have a slow metabolism.
You can spit poison.


Message History

* * * LOW HITPOINT WARNING * * *
Unknown command.
You feel better. The wolf bites you but does no damage.
The wolf barely misses you. Grum barely misses you.
Unknown command.
Unknown command.
You closely miss the wolf.
The wolf is severely wounded.
The wolf bites you but does no damage. The wolf bites you.
* * * LOW HITPOINT WARNING * * *
Grum hits you from afar with an enchanted spear.
* * * LOW HITPOINT WARNING * * *
Unknown command.
Unknown command.
Okay, then.
You feel better. The wolf bites you but does no damage.
Grum hits you from afar with an enchanted spear!
* * * LOW HITPOINT WARNING * * *
The wolf bites you.
You die...

#### #.#.#.#.#.#.#
#.##...⌠...⌠.
###+###.#.#.#.
#......⌠...⌠...
#.......#.#.#.# #
##.#......# #
#####.######## #..##.#
...#########
##....######.##.@hg.†#
##.#..#.........####.#
##.#..######.#..# .#
#..#..# #.#..# .#
##....# ###.#..# .#
##...# #...#..# ..
#.#..# #)###... ..
##...####.# #.### ## #
#...#....# #.#


You could see Grum and a wolf.

Vanquished Creatures
  3 hornets (D:8)
  A hippogriff (D:8)
  A soldier ant (D:8)
  An ice beast (D:5)
  A sky beast (D:6)
  4 ogres
  A wolf (D:8)
  A necrophage (D:8)
  4 centaurs
  4 bullfrogs
  3 scorpions
  6 killer bees (D:7)
  10 wights
  A crimson imp (D:5)
  A bullfrog zombie (D:6)
  2 hounds (D:6)
  2 bullfrog skeletons
  2 orc priests
  2 orc wizards
  5 iguanas
  6 worker ants
  A killer bee zombie (D:4)
  A hound zombie (D:7)
  A hound skeleton (D:8)
  3 adders
  4 oozes
  2 adder skeletons
  3 worms (D:2)
  A dart slug (D:2)
  2 leopard geckos
  8 orcs
  10 bats
  4 giant cockroaches
  7 goblins
  6 hobgoblins
  23 jackals
  6 quokkas
  2 frilled lizards (D:2)
  2 jackal skeletons (D:4)
  3 kobolds
  A quokka skeleton (D:4)
  6 rats
157 creatures vanquished.

Notes
Turn   | Place    | Note
-------+----------+-------------------------------------------
     0 | D:1      | Anon1729 the Naga Gladiator began the quest for the Orb.
     0 | D:1      | Reached XP level 1. HP: 19/19 MP: 1/1
   295 | D:1      | Reached XP level 2. HP: 26/26 MP: 2/2
  1890 | D:2      | Reached XP level 3. HP: 32/32 MP: 3/3
  1948 | D:2      | Reached skill level 1 in Armour
  2123 | D:2      | Found a snail-covered altar of Cheibriados.
  2244 | D:2      | Found an ancient bone altar of Kikubaaqudgha.
  2545 | D:3      | Reached XP level 4. HP: 36/39 MP: 4/4
  2646 | D:3      | Reached skill level 4 in Axes
  2852 | D:3      | Found an iron altar of Okawaru.
  3154 | D:4      | Reached XP level 5. HP: 46/46 MP: 5/5
  4076 | D:4      | Reached XP level 6. HP: 54/55 MP: 6/6
  4329 | D:4      | Reached skill level 5 in Axes
  4434 | D:4      | Found a staircase to the Ecumenical Temple.
  4445 | Temple   | Entered the Ecumenical Temple
  4469 | Temple   | Became a worshipper of Uskayaw the Reveler
  4622 | D:4      | Reached * piety under Uskayaw
  4966 | D:4      | Reached ** piety under Uskayaw
  4968 | D:4      | Reached *** piety under Uskayaw
  5035 | D:5      | Entered Level 5 of the Dungeon
  5251 | D:5      | Reached skill level 1 in Invocations
  5251 | D:5      | Reached XP level 7. HP: 26/62 MP: 1/7
  5825 | D:5      | Found a bloodstained altar of Trog.
  6224 | D:6      | Reached skill level 6 in Axes
  6278 | D:6      | Reached XP level 8. HP: 72/72 MP: 10/10
  6284 | D:6      | Reached **** piety under Uskayaw
  6949 | D:6      | Reached skill level 7 in Axes
  7017 | D:6      | Found a sacrificial altar of Ru.
  7042 | D:6      | Reached skill level 5 in Invocations
  7287 | D:7      | Reached XP level 9. HP: 26/79 MP: 11/13
  8528 | D:7      | Reached skill level 5 in Fighting
  9056 | D:8      | Reached skill level 8 in Axes
  9285 | D:8      | Noticed a hornet
  9285 | D:8      | Noticed a hornet
  9294 | D:8      | Killed a hornet
  9302 | D:8      | Paralysed by a hornet for 2 turns
  9304 | D:8      | Killed a hornet
  9533 | D:8      | Noticed a hornet
  9538 | D:8      | Killed a hornet
  9615 | D:8      | Reached XP level 10. HP: 56/91 MP: 10/15
  9813 | D:8      | Reached skill level 5 in Armour
  9901 | D:8      | Reached skill level 9 in Axes
 10075 | D:8      | Noticed Grum
 10087 | D:8      | HP: 4/91 [Grum/enchanted spear (10)]
 10090 | D:8      | Slain by a wolf

Skill      XL: |  1  2  3  4  5  6  7  8  9 10 |
---------------+-------------------------------+-----
Armour         | 1 2 3 4 5 |  5.0
Axes           | 4 5 6 7 8 9 |  9.0
Dodging        | 3 |  3.3
Fighting       | 3 4 5 |  5.9
Throwing       | 2 |  2.0
Invocations    | 1 3 5 7 |  7.8
Stealth        | |  0.7

Action                   |  1- 3 |  4- 6 |  7- 9 | 10-12 || total
-------------------------+-------+-------+-------+-------++-------
Melee: War axe           |   118 |    58 |   211 |       ||   387
       Hand axe          |       |    54 |       |       ||    54
       Battleaxe         |       |       |    57 |    49 ||   106
Throw: Throwing net      |       |       |     1 |       ||     1
Invok: Stomp             |       |     3 |    11 |     1 ||    15
       Line Pass         |       |       |     2 |       ||     2
 Abil: Spit Poison       |     5 |    19 |    24 |     4 ||    52
Evoke: Wand              |       |       |     1 |       ||     1
  Use: Scroll            |       |     7 |     1 |       ||     8
       Potion            |       |     4 |     1 |     2 ||     7
 Stab: Paralysed         |       |     2 |    10 |       ||    12
  Eat: Chunk             |     4 |     8 |     5 |     2 ||    19
       Ration            |       |       |     3 |       ||     3
Armor: Leather armour    |    52 |     8 |       |       ||    60
       Scale mail        |       |    52 |   179 |       ||   231
       Skin              |       |     5 |       |       ||     5
       Chain mail        |       |       |    44 |    39 ||    83
Dodge: Dodged            |    92 |    73 |   150 |    23 ||   338
